AoeStats
← 牛油果

Pilgrims

507894922Analyzed
4v4 RM · 12d ago on Sep 20, 2026· 45m 7s· 8 players
Game mode
Random Map
Map size
Large (8 player)
Population
200
Speed
Normal
Resources
Standard
Victory
Conquest
Starting age
Dark Age
Ending age
Imperial Age
RankedLock teamsTeams togetherTeam positionsShared explorationLock speedFull tech treeHidden civsTurbo modeCheats
Victory
Defeat
🇲🇽 Spanish · Mexico
1805
+11
🇲🇽 Persians · Mexico
1683
+16
🇨🇴 Vikings · Colombia
1664
+16
🇦🇷 Celts · Argentina
1651
+17
🇲🇽 Berbers · Mexico
1725
-17
🇨🇳 Magyars · China
1681
-15
🇭🇰 Lithuanians · Hong Kong SAR China
1657
-14
🇲🇽 Saracens · Mexico
1652
-14
eL|Hooligan
5:58 Loom
11:30 Feudal Age
12:39 Fishing Lines
15:00 Castle Age
13:33 Double-Bit Axe
13:39 Fletching
14:59 Town Watch
15:55 Medium Warships
15:35 Gillnets
15:44 Bodkin Arrow
16:45 Bow Saw
18:59 Wheelbarrow
21:36 Hand Cart
22:45 Padded Archer Armor
22:54 Horse Collar
23:49 Ballistics
26:02 Imperial Age
25:11 Leather Archer Armor
31:57 Elite Camel Archer
33:01 Conscription
34:32 Husbandry
牛油果
7:29 Loom
9:59 Feudal Age
13:39 Castle Age
13:43 Town Watch
20:44 Double-Bit Axe
21:38 Fletching
小白
8:26 Loom
12:06 Feudal Age
16:05 Castle Age
14:05 Double-Bit Axe
17:37 Bow Saw
18:01 Scale Barding Armor
19:01 Horse Collar
20:02 Corvinian Army
22:26 Chain Barding Armor
26:42 Heavy Plow
27:19 Bloodlines
31:51 Husbandry
33:28 Wheelbarrow
36:33 Imperial Age
35:17 Ballistics
38:00 Plate Barding Armor
37:11 Elite Magyar Huszar
38:53 Conscription
39:14 Fletching
Hina_
6:08 Loom
9:48 Loom
12:22 Feudal Age
13:09 Town Watch
16:44 Castle Age
14:32 Double-Bit Axe
16:02 Gold Mining
16:48 Crossbowman
hK | Islamey
11:25 Feudal Age
11:02 Loom
13:51 Double-Bit Axe
16:27 Castle Age
14:24 Fletching
17:06 Bodkin Arrow
17:26 Medium Warships
17:38 Bow Saw
24:41 Town Watch
25:31 Wheelbarrow
25:23 Gold Mining
33:13 Imperial Age
31:01 Scale Mail Armor
31:07 Horse Collar
33:05 Gold Shaft Mining
32:21 Stone Mining
33:36 Forging
33:32 Capped Ram
33:40 Heavy Scorpion
34:58 Siege Ram
36:29 Siege Engineers
39:21 Furor Celtica
42:57 Chemistry
42:14 Chain Mail Armor
42:34 Iron Casting
45:08 Plate Mail Armor
45:39 Blast Furnace
KH | BooMBastic_
8:48 Loom
11:15 Feudal Age
12:03 Double-Bit Axe
17:00 Castle Age
14:53 Fishing Lines
16:24 Gold Mining
17:19 Fletching
17:42 Medium Warships
18:07 Bodkin Arrow
18:43 Bow Saw
19:20 Ballistics
20:42 Clinker Construction
21:24 Careening
23:34 Wheelbarrow
22:44 Town Watch
22:41 Horse Collar
24:40 Stone Mining
25:26 Gold Shaft Mining
24:53 Gillnets
25:37 Heavy Plow
32:05 Imperial Age
30:13 Husbandry
31:46 Stone Shaft Mining
31:28 Hand Cart
32:09 Bloodlines
32:41 Scale Barding Armor
32:10 Cavalier
33:56 Chain Barding Armor
33:57 Forging
35:18 Plate Barding Armor
35:24 Iron Casting
34:49 Light Cavalry
36:11 Hussar
38:47 Blast Furnace
39:04 Two-Man Saw
38:29 Savar
39:34 Caravan
41:30 Crop Rotation
42:08 Carvel Hull
42:13 Dry Dock
41:56 Padded Archer Armor
42:59 Chemistry
hK | Monastery
11:32 Feudal Age
16:13 Castle Age
14:49 Double-Bit Axe
15:13 Fletching
17:26 Bow Saw
18:32 Bodkin Arrow
20:13 Crossbowman
21:32 Padded Archer Armor
23:53 Fishing Lines
24:28 Fishing Lines
25:12 Ballistics
24:46 Loom
25:22 Gold Mining
31:04 Imperial Age
30:27 Gold Shaft Mining
30:46 Stone Mining
31:12 Arbalester
32:11 Bracer
31:44 Capped Ram
33:13 Gillnets
37:11 Chemistry
36:34 Town Watch
37:39 Siege Ram
40:14 Leather Archer Armor
41:26 Town Patrol
41:34 Siege Engineers
41:39 Masonry
41:11 Treadmill Crane
43:10 Conscription
43:21 Bogsveigar
45:30 Hoardings
hK | FraKTal
11:38 Feudal Age
11:12 Loom
12:33 Double-Bit Axe
15:12 Castle Age
13:19 Fishing Lines
19:25 Wheelbarrow
32:03 Fortified Wall
31:44 Guard Tower
34:32 Imperial Age
32:08 Fletching
32:42 Ballistics
32:44 Town Watch
33:13 Gold Mining
33:13 Stone Mining
33:50 Masonry
33:55 Bodkin Arrow
33:45 Horse Collar
34:37 Murder Holes
35:55 Hand Cart
36:09 Bracer
36:47 Bow Saw
36:43 Heavy Plow
39:39 Scale Barding Armor
40:03 Forging
40:27 Architecture
40:44 Chain Barding Armor
41:20 Husbandry
41:30 Bloodlines
40:41 Cavalier
40:54 Light Cavalry
42:11 Iron Casting
43:11 Plate Barding Armor
43:30 Paladin
45:54 Blast Furnace
Connection lost

Rejoining the realm…

Still unreachable

The connection could not be restored.

Session expired

The server has moved on; the page needs a fresh start.